Heat vs Sound Tigers
Created - January 17, 2023 at 20:19
Goals
|
Heat |
0 |
0 |
1 |
1 |
Sound Tigers |
0 |
2 |
1 |
3 |
|
Shots
|
Heat |
5 |
4 |
22 |
31 |
Sound Tigers |
7 |
15 |
14 |
36 |
|
1st period
No Goal
Penalties :
No Penalty
2nd period
1. Sound Tigers , Borna Rendulic 16 (Alex Tuch 22, Joe Labate 8) at 10:34
2. Sound Tigers , Joe Labate 2 (Alex Tuch 23, Borna Rendulic 17) at 17:35
Penalties :
No Penalty
3rd period
3. Sound Tigers , Garret Ross 18 (Jakub Galvas 5, Nick Blankenburg 8) at 17:53
4. Heat , Frank Corrado 4 (Matthew Nieto 37, Michael Hutchinson) at 18:48 (PP)
Penalties :
Brandon Hickey (Sto) for Hooking (Minor) at 1:10, Erik Brannstrom (Sto) for Hooking (Minor) at 4:07, Alexander Yelesin (BRI) for Holding (Minor) at 15:15, Ben Thomson (BRI) for Holding (Minor) at 18:20, Rhett Gardner (BRI) for Holding (Minor) at 19:40
Goalie Stats
Michael Hutchinson (Sto), 33 saves from 36 shots - (0.917), L, 15-9-2, 60:00 minutes
Pavel Francouz (BRI), 30 saves from 31 shots - (0.968), W, 15-6-1, 60:00 minutes
Players Stats for Heat
Player Name G A P +/- PIM S H SB GA TA FO MP PP MP PK MP
------------------------------------------------------------------------------------
Barclay Goodrow 0 0 0 0 0 1 0 2 0 0 0/0 17:07 0:54 1:27
Brandon Hickey 0 0 0 -1 2 1 0 3 0 0 0/0 17:06 0:00 0:48
Chris Brown 0 0 0 0 0 0 0 0 0 0 1/2 10:30 0:54 0:16
Dominik Masin 0 0 0 -1 0 2 1 0 0 1 0/0 15:21 0:00 3:04
Eric Karlsson 0 0 0 -1 0 1 2 0 0 0 0/0 13:15 0:54 0:43
Erik Brannstrom 0 0 0 0 2 0 1 1 0 0 0/0 17:23 1:05 0:06
Evgeny Svechnikov 0 0 0 -1 0 0 0 0 0 0 0/1 19:15 1:52 0:00
Frank Corrado 1 0 1 -2 0 3 3 0 0 0 0/0 24:20 1:41 2:05
Mathieu Brodeur 0 0 0 0 0 0 2 4 1 2 0/0 20:47 1:05 0:06
Matthew Nieto 0 1 1 -1 0 3 0 0 0 0 1/1 19:14 1:52 0:00
Nico Sturm 0 0 0 -2 0 2 0 0 1 0 5/9 14:21 0:00 2:15
Peter Cehlarik 0 0 0 0 0 0 2 0 0 0 1/1 11:29 0:00 2:15
Rasmus Andersson 0 0 0 -2 0 5 2 3 0 2 0/0 24:05 1:41 1:47
Ryan Donato 0 0 0 -1 0 1 1 1 0 0 0/0 15:17 0:00 0:00
Ryan Spooner 0 0 0 -1 0 3 1 1 0 1 5/10 16:17 0:00 1:00
Tage Thompson 0 0 0 0 0 0 0 0 0 0 0/0 9:14 0:00 0:00
Trevor Carrick 0 0 0 -1 0 4 0 1 2 0 0/0 11:30 0:00 0:00
Victor Rask 0 0 0 -1 0 5 2 0 1 0 17/31 19:10 1:52 0:00
Players Stats for Sound Tigers
Player Name G A P +/- PIM S H SB GA TA FO MP PP MP PK MP
------------------------------------------------------------------------------------
Alex Steeves 0 0 0 0 0 0 0 0 0 0 0/0 0:00 0:00 0:00
Alex Tuch 0 2 2 2 0 3 1 0 1 0 2/7 21:07 2:03 1:55
Alexander Yelesin 0 0 0 1 2 1 0 1 0 0 0/0 13:00 0:00 0:00
Ben Johnson 0 0 0 0 0 0 0 0 0 0 0/0 1:06 0:41 0:20
Ben Thomson 0 0 0 0 2 1 3 1 0 0 0/0 12:54 0:26 0:37
Blake Speers 0 0 0 1 0 0 0 0 0 0 0/0 1:10 0:00 0:31
Borna Rendulic 1 1 2 2 0 2 2 0 0 1 1/2 19:12 2:03 0:00
Brad Ross 0 0 0 0 0 0 0 0 0 0 0/9 4:56 0:40 0:17
Brandon Gignac 0 0 0 0 0 0 0 0 0 0 0/0 0:00 0:00 0:00
Dylan McIlrath 0 0 0 2 0 1 2 3 2 0 0/0 28:17 2:27 1:30
Gabriel Carlsson 0 0 0 0 0 1 1 4 0 1 0/0 18:34 1:31 1:16
Garret Pilon 0 0 0 0 0 1 0 0 0 0 1/5 10:42 0:00 0:00
Garret Ross 1 0 1 1 0 7 1 1 0 0 0/0 16:54 1:29 1:52
Jakub Galvas 0 1 1 1 0 1 0 0 0 1 0/0 5:24 0:00 0:00
James Livingstone 0 0 0 0 0 1 0 0 0 0 0/0 14:54 1:55 0:00
Joe Labate 1 1 2 2 0 1 0 0 0 0 15/21 14:18 1:08 0:00
Josh Archibald 0 0 0 0 0 1 0 0 1 0 0/0 10:42 0:00 0:00
Miro Heiskanen 0 0 0 0 0 2 2 2 0 1 0/0 18:34 1:31 1:16
Nick Blankenburg 0 1 1 1 0 2 0 2 0 0 0/0 12:43 0:00 0:00
Noah Cates 0 0 0 0 0 0 0 0 0 0 0/0 0:00 0:00 0:00
Pavel Kraskovsky 0 0 0 0 0 1 2 1 1 0 3/5 14:23 1:29 0:00
Rhett Gardner 0 0 0 0 2 3 1 0 0 1 3/5 11:46 0:00 0:00
Ross Colton 0 0 0 0 0 0 1 0 0 0 0/1 11:47 0:00 0:00
Slater Koekkoek 0 0 0 2 0 3 1 3 0 0 0/0 24:06 2:27 1:30
Tyrell Goulbourne 0 0 0 0 0 4 1 0 1 0 0/0 10:42 0:00 0:00
3 Stars
1 - Borna Rendulic (BRI)
2 - Pavel Francouz (BRI)
3 - Joe Labate (BRI)
Power Play
Heat - 1 on 3 Attempt(s) - 33.33%
Sound Tigers - 0 on 2 Attempt(s) - 0.00%
Penalty Kill
Heat - 2 on 2 Attempt(s) - 100.00%
- Score 0 goal in Penalty Kill
Sound Tigers - 2 on 3 Attempt(s) - 66.67%
- Score 0 goal in Penalty Kill
Team Stat
Heat - Hits : 17 - Faceoff Wins : 30 - Blocked Shots : 16 - Penalty Minutes : 4
Sound Tigers - Hits : 18 - Faceoff Wins : 25 - Blocked Shots : 18 - Penalty Minutes : 6
Official
Referees : Brad Meier and Dan Kelly
Linesman : Bevan Mills and Steve Miller
Game Notes
Joe Labate is injured at 3:13 of 3rd period (Left Hip)
Finance
Level 1 -- Attendance: 1796 (89.80%) -- Ticket Income $62,860
Level 2 -- Attendance: 909 (90.90%) -- Ticket Income $13,635
Total Attendance: 2705 (90.17%)
Total Ticket Income: $76,495
Other Income: $3,825
Total Income: $80,320
Heat
5 vs 5 Forward
Center Left Wing Right Wing Time % Phy DF OF
1 Victor Rask Matthew Nieto Evgeny Svechnikov 40 1 2 2
2 Ryan Spooner Ryan Donato Barclay Goodrow 30 1 2 2
3 Nico Sturm Eric Karlsson Trevor Carrick 20 1 2 2
4 Chris Brown Peter Cehlarik Tage Thompson 10 1 2 2
5 vs 5 Defense
Defense Defense Time % Phy DF OF
1 Rasmus Andersson Frank Corrado 40 1 2 2
2 Erik Brannstrom Mathieu Brodeur 30 1 2 2
3 Brandon Hickey Dominik Masin 20 1 2 2
4 Brandon Hickey Mathieu Brodeur 10 1 2 2
PowerPlay Forward
Center Left Wing Right Wing Time % Phy DF OF
1 Victor Rask Matthew Nieto Evgeny Svechnikov 60 1 2 2
2 Chris Brown Eric Karlsson Barclay Goodrow 40 1 2 2
PowerPlay Defense
Defense Defense Time % Phy DF OF
1 Rasmus Andersson Frank Corrado 60 1 2 2
2 Erik Brannstrom Mathieu Brodeur 40 1 2 2
Penalty Kill 4 Players Forward
Center Wing Time % Phy DF OF
1 Nico Sturm Peter Cehlarik 60 1 2 2
2 Ryan Spooner Barclay Goodrow 40 1 2 2
Penalty Kill 4 Players Defense
Defense Defense Time % Phy DF OF
1 Rasmus Andersson Dominik Masin 60 1 2 2
2 Brandon Hickey Frank Corrado 40 1 2 2
Penalty Kill - 3 Players Forward
Forward Time % Phy DF OF
1 Matthew Nieto 60 1 2 2
2 Nico Sturm 40 1 2 2
Penalty Kill - 3 Players Defense
Defense Defense Time % Phy DF OF
1 Rasmus Andersson Frank Corrado 60 1 2 2
2 Brandon Hickey Mathieu Brodeur 40 1 2 2
4 vs 4 Forward
Center Wing Time % Phy DF OF
1 Victor Rask Matthew Nieto 60 1 2 2
2 Ryan Spooner Evgeny Svechnikov 40 1 2 2
4 vs 4 Defense
Defense Defense Time % Phy DF OF
1 Rasmus Andersson Frank Corrado 60 1 2 2
2 Erik Brannstrom Mathieu Brodeur 40 1 2 2
Last Minutes Offensive
Center Left Wing Right Wing Defense Defense
Victor Rask Matthew Nieto Evgeny Svechnikov Rasmus Andersson Frank Corrado
Last Minutes Defensive
Center Left Wing Right Wing Defense Defense
Victor Rask Matthew Nieto Evgeny Svechnikov Rasmus Andersson Frank Corrado
Goaltenders
Starting : Michael Hutchinson
Backup : Vitek Vanecek
Extra Forwards
Normal : Nico Sturm, Ryan Spooner, Evgeny Svechnikov - PP : Ryan Donato, Peter Cehlarik - PK : Barclay Goodrow
Extra Defensemen
Normal : Mathieu Brodeur, Erik Brannstrom, Brandon Hickey - PP : Erik Brannstrom - PK : Dominik Masin, Brandon Hickey
Penalty Shots
Evgeny Svechnikov, Matthew Nieto, Chris Brown, Victor Rask, Peter Cehlarik
Scratches
Christian Jaros (Healthy), Skyler Brind'Amour (Healthy), John Gilmour (Healthy), Darren Raddysh (Healthy), Petteri Lindbohm (Healthy)
Philip Varone (Torn Left ACL Injury), Ivan Chekhovich (Healthy), Vladislav Kamenev (Healthy), Taylor Raddysh (Healthy), Jesper Bratt (Back Injury)
Radim Zohorna (Healthy), Collin Delia (Healthy)
Sound Tigers
5 vs 5 Forward
Center Left Wing Right Wing Time % Phy DF OF
1 Joe Labate Alex Tuch Borna Rendulic 40 1 2 2
2 Pavel Kraskovsky Garret Ross James Livingstone 30 1 2 2
3 Rhett Gardner Ben Thomson Ross Colton 20 1 2 2
4 Garret Pilon Tyrell Goulbourne Josh Archibald 10 1 2 2
5 vs 5 Defense
Defense Defense Time % Phy DF OF
1 Dylan McIlrath Slater Koekkoek 40 1 2 2
2 Gabriel Carlsson Miro Heiskanen 30 1 2 2
3 Nick Blankenburg Alexander Yelesin 20 1 2 2
4 Jakub Galvas Dylan McIlrath 10 1 2 2
PowerPlay Forward
Center Left Wing Right Wing Time % Phy DF OF
1 Joe Labate Alex Tuch Borna Rendulic 60 1 2 2
2 Pavel Kraskovsky Garret Ross James Livingstone 40 1 2 2
PowerPlay Defense
Defense Defense Time % Phy DF OF
1 Dylan McIlrath Slater Koekkoek 60 1 2 2
2 Gabriel Carlsson Miro Heiskanen 40 1 2 2
Penalty Kill 4 Players Forward
Center Wing Time % Phy DF OF
1 Alex Tuch Garret Ross 60 1 2 2
2 Joe Labate Ben Thomson 40 1 2 2
Penalty Kill 4 Players Defense
Defense Defense Time % Phy DF OF
1 Dylan McIlrath Slater Koekkoek 60 1 2 2
2 Gabriel Carlsson Miro Heiskanen 40 1 2 2
Penalty Kill - 3 Players Forward
Forward Time % Phy DF OF
1 Alex Tuch 60 1 2 2
2 Garret Ross 40 1 2 2
Penalty Kill - 3 Players Defense
Defense Defense Time % Phy DF OF
1 Dylan McIlrath Slater Koekkoek 60 1 2 2
2 Gabriel Carlsson Miro Heiskanen 40 1 2 2
4 vs 4 Forward
Center Wing Time % Phy DF OF
1 Alex Tuch Garret Ross 60 1 2 2
2 Joe Labate Ben Thomson 40 1 2 2
4 vs 4 Defense
Defense Defense Time % Phy DF OF
1 Dylan McIlrath Slater Koekkoek 60 1 2 2
2 Gabriel Carlsson Miro Heiskanen 40 1 2 2
Last Minutes Offensive
Center Left Wing Right Wing Defense Defense
Joe Labate Alex Tuch Borna Rendulic Dylan McIlrath Slater Koekkoek
Last Minutes Defensive
Center Left Wing Right Wing Defense Defense
Joe Labate Alex Tuch Borna Rendulic Dylan McIlrath Slater Koekkoek
Goaltenders
Starting : Pavel Francouz
Backup : Chris Driedger
Extra Forwards
Normal : Brad Ross, Ben Johnson, Blake Speers - PP : Brad Ross, Ben Johnson - PK : Blake Speers
Extra Defensemen
Normal : Nick Blankenburg, Alexander Yelesin, Jakub Galvas - PP : Nick Blankenburg - PK : Alexander Yelesin, Jakub Galvas
Penalty Shots
Alex Tuch, Garret Ross, Joe Labate, Ben Thomson, Borna Rendulic
Scratches
Casey Staum (Healthy), Stuart Skinner (Healthy), Sean Maguire (Healthy)
% Time on Ice - Heat
Lines # - Real PCT - Wanted PCT - Time Play
Normal Forward
1 - 33% - 40% - 17:32
2 - 29% - 30% - 15:17
3 - 22% - 20% - 11:31
4 - 17% - 10% - 8:56
Normal Defense
1 - 40% - 40% - 21:31
2 - 29% - 30% - 15:35
3 - 23% - 20% - 12:10
4 - 8% - 10% - 4:00
PP Forward
1 - 67% - 60% - 1:52
2 - 33% - 40% - 0:54
PP Defense
1 - 61% - 60% - 1:41
2 - 39% - 40% - 1:05
PK Forward
1 - 75% - 60% - 2:58
2 - 25% - 40% - 1:00
PK Defense
1 - 45% - 60% - 1:47
2 - 55% - 40% - 2:11
PK3 Forward
1 - 0% - 60%
2 - 0% - 40%
PK3 Defense
1 - 0% - 60%
2 - 0% - 40%
44 Forward
1 - 0% - 60%
2 - 0% - 40%
44 Defense
1 - 0% - 60%
2 - 0% - 40%
Last Minute Offensive - 0:00
Last Minute Defensive - 0:00
Total
Forward - 60:00
Defense - 60:00
|
% Time on Ice - Sound Tigers
Lines # - Real PCT - Wanted PCT - Time Play
Normal Forward
1 - 34% - 40% - 17:53
2 - 24% - 30% - 12:54
3 - 22% - 20% - 11:47
4 - 20% - 10% - 10:42
Normal Defense
1 - 38% - 40% - 20:09
2 - 30% - 30% - 16:08
3 - 23% - 20% - 12:14
4 - 9% - 10% - 4:45
PP Forward
1 - 63% - 60% - 2:29
2 - 37% - 40% - 1:29
PP Defense
1 - 62% - 60% - 2:27
2 - 38% - 40% - 1:31
PK Forward
1 - 100% - 60% - 2:46
2 - 0% - 40% - 0:00
PK Defense
1 - 54% - 60% - 1:30
2 - 46% - 40% - 1:16
PK3 Forward
1 - 0% - 60%
2 - 0% - 40%
PK3 Defense
1 - 0% - 60%
2 - 0% - 40%
44 Forward
1 - 0% - 60%
2 - 0% - 40%
44 Defense
1 - 0% - 60%
2 - 0% - 40%
Last Minute Offensive - 0:00
Last Minute Defensive - 0:00
Total
Forward - 60:00
Defense - 60:00
|
Play-by-Play
1st period
0:01 of 1st period - Victor Rask wins face-off versus Joe Labate in neutral zone.
1:13 of 1st period - Peter Cehlarik is hit by Rhett Gardner and loses puck.
1:50 of 1st period - Off-side.
1:51 of 1st period - Ryan Spooner wins face-off versus Joe Labate in neutral zone.
2:00 of 1st period - Snap shot by Barclay Goodrow.
2:00 of 1st period - Stopped by Pavel Francouz without a rebound.
2:01 of 1st period - Victor Rask wins face-off versus Joe Labate in Sound Tigers zone.
2:18 of 1st period - Snap shot by Matthew Nieto.
2:18 of 1st period - Shot Blocked by Gabriel Carlsson.
2:41 of 1st period - Off-side.
2:42 of 1st period - Ryan Spooner wins face-off versus Pavel Kraskovsky in neutral zone.
3:07 of 1st period - Wrist shot by Trevor Carrick.
3:07 of 1st period - Stopped by Pavel Francouz without a rebound.
3:08 of 1st period - Joe Labate wins face-off versus Nico Sturm in Sound Tigers zone.
3:17 of 1st period - Snap shot by Borna Rendulic.
3:17 of 1st period - Deflect By Alex Tuch.
3:17 of 1st period - Shot Blocked by Mathieu Brodeur.
3:17 of 1st period - Puck is out of play.
3:18 of 1st period - Ryan Spooner wins face-off versus Garret Pilon in Heat zone.
3:18 of 1st period - Ryan Spooner is hit by Miro Heiskanen.
4:14 of 1st period - Snap shot by Garret Ross.
4:14 of 1st period - Stopped by Michael Hutchinson with a rebound.
4:20 of 1st period - James Livingstone is hit by Eric Karlsson and loses puck.
4:31 of 1st period - Mathieu Brodeur is hit by Ben Thomson and loses puck.
4:38 of 1st period - Wrist shot by Peter Cehlarik.
4:38 of 1st period - Shot Blocked by Gabriel Carlsson.
4:40 of 1st period - Slapshot by Mathieu Brodeur.
4:40 of 1st period - Shot Blocked by Miro Heiskanen.
5:20 of 1st period - Icing by Alex Tuch.
5:21 of 1st period - Joe Labate wins face-off versus Victor Rask in Sound Tigers zone.
5:38 of 1st period - Slater Koekkoek is hit by Victor Rask and loses puck.
6:28 of 1st period - Icing by Brandon Hickey.
6:29 of 1st period - Rhett Gardner wins face-off versus Chris Brown in Heat zone.
6:38 of 1st period - Wrist shot by Ross Colton.
6:38 of 1st period - Shot Misses the Net.
7:16 of 1st period - Wrist shot by Chris Brown.
7:16 of 1st period - Shot Blocked by Alexander Yelesin.
7:18 of 1st period - Slapshot by Dominik Masin.
7:18 of 1st period - Shot Misses the Net.
7:20 of 1st period - Slapshot by Brandon Hickey.
7:20 of 1st period - Shot Misses the Net.
7:22 of 1st period - Wrist shot by Peter Cehlarik.
7:22 of 1st period - Shot Blocked by Nick Blankenburg.
7:24 of 1st period - Snap shot by Dominik Masin.
7:24 of 1st period - Stopped by Pavel Francouz with a rebound.
7:26 of 1st period - Slapshot by Dominik Masin.
7:26 of 1st period - Stopped by Pavel Francouz with a rebound.
7:28 of 1st period - Snap shot by Tage Thompson.
7:28 of 1st period - Shot Blocked by Pavel Kraskovsky.
8:05 of 1st period - Wrist shot by Peter Cehlarik.
8:05 of 1st period - Shot Blocked by Garret Ross.
8:07 of 1st period - Slapshot by Brandon Hickey.
8:07 of 1st period - Deflect By James Livingstone.
8:07 of 1st period - Stopped by Pavel Francouz without a rebound.
8:08 of 1st period - Victor Rask wins face-off versus Borna Rendulic in Sound Tigers zone.
9:47 of 1st period - Barclay Goodrow is hit by Slater Koekkoek and loses puck.
10:00 of 1st period - Snap shot by Tyrell Goulbourne.
10:00 of 1st period - Shot Blocked by Ryan Donato.
10:28 of 1st period - Slapshot by Tyrell Goulbourne.
10:28 of 1st period - Stopped by Michael Hutchinson with a rebound.
10:51 of 1st period - Wrist shot by Alexander Yelesin.
10:51 of 1st period - Shot Misses the Net.
10:53 of 1st period - Wrist shot by Josh Archibald.
10:53 of 1st period - Stopped by Michael Hutchinson with a rebound.
10:55 of 1st period - Slapshot by Nick Blankenburg.
10:55 of 1st period - Stopped by Michael Hutchinson with a rebound.
10:57 of 1st period - Wrist shot by Josh Archibald.
10:57 of 1st period - Shot Blocked by Barclay Goodrow.
10:59 of 1st period - Slapshot by Slater Koekkoek.
10:59 of 1st period - Stopped by Michael Hutchinson with a rebound.
11:01 of 1st period - Wrist shot by Josh Archibald.
11:01 of 1st period - Shot Blocked by Rasmus Andersson.
11:27 of 1st period - Slapshot by Garret Pilon.
11:27 of 1st period - Stopped by Michael Hutchinson with a rebound.
12:29 of 1st period - Slapshot by Dylan McIlrath.
12:29 of 1st period - Stopped by Michael Hutchinson without a rebound.
12:30 of 1st period - Joe Labate wins face-off versus Victor Rask in Heat zone.
12:45 of 1st period - Slapshot by Victor Rask.
12:45 of 1st period - Shot Blocked by Gabriel Carlsson.
13:03 of 1st period - Snap shot by Trevor Carrick.
13:03 of 1st period - Shot Blocked by Gabriel Carlsson.
14:11 of 1st period - Snap shot by Ben Thomson.
14:11 of 1st period - Shot Blocked by Erik Brannstrom.
15:28 of 1st period - Gabriel Carlsson is hit by Dominik Masin and loses puck.
17:42 of 1st period - Icing by Garret Ross.
17:43 of 1st period - Peter Cehlarik wins face-off versus Rhett Gardner in Sound Tigers zone.
18:12 of 1st period - Garret Ross is hit by Peter Cehlarik and loses puck.
18:25 of 1st period - Rasmus Andersson is hit by Miro Heiskanen and loses puck.
Goals for this period are 0 for Heat vs 0 for Sound Tigers.
Shots for this period are 5 for Heat vs 7 for Sound Tigers.
2nd period
0:01 of 2nd period - Joe Labate wins face-off versus Victor Rask in neutral zone.
0:06 of 2nd period - Brandon Hickey is hit by Alex Tuch and loses puck.
0:48 of 2nd period - Rhett Gardner is hit by Eric Karlsson and loses puck.
1:18 of 2nd period - Erik Brannstrom is hit by Borna Rendulic.
1:34 of 2nd period - Snap shot by Pavel Kraskovsky.
1:34 of 2nd period - Shot Blocked by Brandon Hickey.
2:06 of 2nd period - Tyrell Goulbourne is hit by Ryan Donato.
2:36 of 2nd period - Snap shot by Joe Labate.
2:36 of 2nd period - Shot Blocked by Rasmus Andersson.
2:38 of 2nd period - Wrist shot by Joe Labate.
2:38 of 2nd period - Shot Misses the Net.
2:40 of 2nd period - Backhand shot by Joe Labate.
2:40 of 2nd period - Deflect By Peter Cehlarik.
2:40 of 2nd period - Shot Misses the Net.
2:40 of 2nd period - Puck is out of play.
2:41 of 2nd period - Chris Brown wins face-off versus Joe Labate in Heat zone.
2:41 of 2nd period - Chris Brown is hit by Dylan McIlrath.
2:47 of 2nd period - Wrist shot by Chris Brown.
2:47 of 2nd period - Shot Blocked by Dylan McIlrath.
2:53 of 2nd period - Snap shot by Joe Labate.
2:53 of 2nd period - Shot Hit the Post.
2:55 of 2nd period - Snap shot by Borna Rendulic.
2:55 of 2nd period - Shot Misses the Net.
4:02 of 2nd period - Wrist shot by Ryan Spooner.
4:02 of 2nd period - Stopped by Pavel Francouz with a rebound.
4:04 of 2nd period - Wrist shot by Ryan Spooner.
4:04 of 2nd period - Shot Misses the Net.
4:06 of 2nd period - Wrist shot by Ryan Spooner.
4:06 of 2nd period - Stopped by Pavel Francouz with a rebound.
4:38 of 2nd period - Wrist shot by Ben Thomson.
4:38 of 2nd period - Shot Misses the Net.
4:40 of 2nd period - Wrist shot by Jakub Galvas.
4:40 of 2nd period - Stopped by Michael Hutchinson without a rebound.
4:41 of 2nd period - Rhett Gardner wins face-off versus Victor Rask in Heat zone.
4:52 of 2nd period - Slapshot by Dylan McIlrath.
4:52 of 2nd period - Shot Misses the Net.
4:54 of 2nd period - Wrist shot by Ben Thomson.
4:54 of 2nd period - Shot Misses the Net.
4:56 of 2nd period - Snap shot by Rhett Gardner.
4:56 of 2nd period - Stopped by Michael Hutchinson without a rebound.
4:57 of 2nd period - Ryan Spooner wins face-off versus Joe Labate in Heat zone.
6:05 of 2nd period - Frank Corrado is hit by Borna Rendulic and loses puck.
6:41 of 2nd period - Miro Heiskanen is hit by Erik Brannstrom and loses puck.
9:13 of 2nd period - Wrist shot by Rhett Gardner.
9:13 of 2nd period - Stopped by Michael Hutchinson without a rebound.
9:14 of 2nd period - Joe Labate wins face-off versus Victor Rask in Heat zone.
9:15 of 2nd period - Snap shot by Alex Tuch.
9:15 of 2nd period - Stopped by Michael Hutchinson with a rebound.
9:29 of 2nd period - Borna Rendulic is hit by Mathieu Brodeur and loses puck.
9:40 of 2nd period - Mathieu Brodeur is hit by Gabriel Carlsson and loses puck.
9:49 of 2nd period - Snap shot by Garret Ross.
9:49 of 2nd period - Shot Hit the Post.
9:51 of 2nd period - Slapshot by Alexander Yelesin.
9:51 of 2nd period - Stopped by Michael Hutchinson with a rebound.
9:53 of 2nd period - Snap shot by Pavel Kraskovsky.
9:53 of 2nd period - Shot Blocked by Barclay Goodrow.
10:15 of 2nd period - Barclay Goodrow is hit by Tyrell Goulbourne and loses puck.
10:30 of 2nd period - Slapshot by Alex Tuch.
10:30 of 2nd period - Stopped by Michael Hutchinson without a rebound.
10:31 of 2nd period - Joe Labate wins face-off versus Victor Rask in Heat zone.
10:34 of 2nd period - Snap shot by Borna Rendulic.
10:34 of 2nd period - Goal by Borna Rendulic - Heat : 0 - Sound Tigers : 1.
10:35 of 2nd period - Joe Labate wins face-off versus Victor Rask in neutral zone.
10:40 of 2nd period - Wrist shot by Joe Labate.
10:40 of 2nd period - Shot Misses the Net.
10:50 of 2nd period - Slapshot by Frank Corrado.
10:50 of 2nd period - Shot Misses the Net.
10:52 of 2nd period - Slapshot by Victor Rask.
10:52 of 2nd period - Shot Misses the Net.
11:02 of 2nd period - Trevor Carrick is hit by Garret Ross and loses puck.
11:26 of 2nd period - Snap shot by Rhett Gardner.
11:26 of 2nd period - Shot Misses the Net.
11:28 of 2nd period - Slapshot by Gabriel Carlsson.
11:28 of 2nd period - Shot Blocked by Mathieu Brodeur.
11:30 of 2nd period - Snap shot by Miro Heiskanen.
11:30 of 2nd period - Shot Misses the Net.
11:32 of 2nd period - Snap shot by Ben Thomson.
11:32 of 2nd period - Stopped by Michael Hutchinson without a rebound.
11:33 of 2nd period - Victor Rask wins face-off versus Alex Tuch in Heat zone.
11:38 of 2nd period - Miro Heiskanen is hit by Victor Rask.
12:19 of 2nd period - Snap shot by Miro Heiskanen.
12:19 of 2nd period - Shot Blocked by Trevor Carrick.
12:31 of 2nd period - Snap shot by Rhett Gardner.
12:31 of 2nd period - Stopped by Michael Hutchinson with a rebound.
12:44 of 2nd period - Off-side.
12:45 of 2nd period - Garret Pilon wins face-off versus Victor Rask in neutral zone.
13:08 of 2nd period - Snap shot by Evgeny Svechnikov.
13:08 of 2nd period - Shot Misses the Net.
13:24 of 2nd period - Icing by Rasmus Andersson.
13:25 of 2nd period - Joe Labate wins face-off versus Victor Rask in Heat zone.
13:34 of 2nd period - Wrist shot by Joe Labate.
13:34 of 2nd period - Deflect By Alex Tuch.
13:34 of 2nd period - Shot Misses the Net.
13:34 of 2nd period - Puck is out of play.
13:35 of 2nd period - Borna Rendulic wins face-off versus Ryan Spooner in Heat zone.
14:22 of 2nd period - Slapshot by Peter Cehlarik.
14:22 of 2nd period - Shot Misses the Net.
14:24 of 2nd period - Backhand shot by Mathieu Brodeur.
14:24 of 2nd period - Shot Blocked by Dylan McIlrath.
15:00 of 2nd period - Miro Heiskanen is hit by Ryan Spooner.
15:08 of 2nd period - Slapshot by Gabriel Carlsson.
15:08 of 2nd period - Deflect By Rasmus Andersson.
15:08 of 2nd period - Stopped by Michael Hutchinson with a rebound.
15:10 of 2nd period - Slapshot by Gabriel Carlsson.
15:10 of 2nd period - Deflect By Tyrell Goulbourne.
15:10 of 2nd period - Shot Misses the Net.
15:10 of 2nd period - Puck is out of play.
15:11 of 2nd period - Joe Labate wins face-off versus Victor Rask in Heat zone.
15:12 of 2nd period - Snap shot by Borna Rendulic.
15:12 of 2nd period - Stopped by Michael Hutchinson without a rebound.
15:13 of 2nd period - Joe Labate wins face-off versus Evgeny Svechnikov in Heat zone.
15:14 of 2nd period - Wrist shot by Borna Rendulic.
15:14 of 2nd period - Shot Blocked by Mathieu Brodeur.
15:24 of 2nd period - Slapshot by Alex Tuch.
15:24 of 2nd period - Shot Blocked by Mathieu Brodeur.
15:38 of 2nd period - Mathieu Brodeur is hit by Ross Colton and loses puck.
15:51 of 2nd period - Slapshot by Ben Thomson.
15:51 of 2nd period - Shot Misses the Net.
16:21 of 2nd period - Borna Rendulic is hit by Peter Cehlarik and loses puck.
16:58 of 2nd period - Slapshot by Victor Rask.
16:58 of 2nd period - Stopped by Pavel Francouz without a rebound.
16:59 of 2nd period - Pavel Kraskovsky wins face-off versus Ryan Spooner in Sound Tigers zone.
17:09 of 2nd period - Slapshot by Dylan McIlrath.
17:09 of 2nd period - Deflect By Garret Ross.
17:09 of 2nd period - Stopped by Michael Hutchinson with a rebound.
17:11 of 2nd period - Wrist shot by Slater Koekkoek.
17:11 of 2nd period - Shot Misses the Net.
17:35 of 2nd period - Slapshot by Joe Labate.
17:35 of 2nd period - Goal by Joe Labate - Heat : 0 - Sound Tigers : 2.
17:36 of 2nd period - Victor Rask wins face-off versus Joe Labate in neutral zone.
17:41 of 2nd period - Slapshot by Rasmus Andersson.
17:41 of 2nd period - Stopped by Pavel Francouz with a rebound.
18:03 of 2nd period - Pavel Kraskovsky is hit by Frank Corrado and loses puck.
18:26 of 2nd period - Slapshot by Miro Heiskanen.
18:26 of 2nd period - Stopped by Michael Hutchinson without a rebound.
18:27 of 2nd period - Nico Sturm wins face-off versus Garret Pilon in Heat zone.
18:48 of 2nd period - Snap shot by Tyrell Goulbourne.
18:48 of 2nd period - Stopped by Michael Hutchinson without a rebound.
18:49 of 2nd period - Joe Labate wins face-off versus Victor Rask in Heat zone.
19:05 of 2nd period - Icing by Dylan McIlrath.
19:06 of 2nd period - Joe Labate wins face-off versus Ryan Spooner in Sound Tigers zone.
Goals for this period are 0 for Heat vs 2 for Sound Tigers.
Shots for this period are 4 for Heat vs 15 for Sound Tigers.
3rd period
0:01 of 3rd period - Joe Labate wins face-off versus Victor Rask in neutral zone.
0:11 of 3rd period - Wrist shot by Alex Tuch.
0:11 of 3rd period - Stopped by Michael Hutchinson with a rebound.
0:16 of 3rd period - Victor Rask is hit by Dylan McIlrath.
0:41 of 3rd period - Off-side.
0:42 of 3rd period - Pavel Kraskovsky wins face-off versus Ryan Spooner in neutral zone.
0:57 of 3rd period - Slapshot by Mathieu Brodeur.
0:57 of 3rd period - Shot Misses the Net.
1:10 of 3rd period - Minor Penalty to Brandon Hickey for Hooking.
1:11 of 3rd period - Joe Labate wins face-off versus Nico Sturm in Heat zone.
1:46 of 3rd period - Snap shot by Pavel Kraskovsky.
1:46 of 3rd period - Stopped by Michael Hutchinson without a rebound.
1:47 of 3rd period - Joe Labate wins face-off versus Nico Sturm in Heat zone.
2:02 of 3rd period - Slapshot by Miro Heiskanen.
2:02 of 3rd period - Stopped by Michael Hutchinson with a rebound.
2:18 of 3rd period - Snap shot by Garret Ross.
2:18 of 3rd period - Shot Misses the Net.
2:20 of 3rd period - Wrist shot by James Livingstone.
2:20 of 3rd period - Stopped by Michael Hutchinson without a rebound.
2:21 of 3rd period - Ryan Spooner wins face-off versus Pavel Kraskovsky in Heat zone.
2:46 of 3rd period - Wrist shot by Joe Labate.
2:46 of 3rd period - Shot Misses the Net.
2:48 of 3rd period - Slapshot by Slater Koekkoek.
2:48 of 3rd period - Stopped by Michael Hutchinson with a rebound.
3:10 of 3rd period - Penalty to Brandon Hickey is over, Brandon Hickey is back on ice.
3:12 of 3rd period - Joe Labate is hit by Mathieu Brodeur and loses puck.
3:13 of 3rd period - Joe Labate from Sound Tigers is injured at 3:13 of 3rd period (Left Hip).
3:14 of 3rd period - Victor Rask wins face-off versus Brad Ross in Sound Tigers zone.
3:17 of 3rd period - Wrist shot by Victor Rask.
3:17 of 3rd period - Stopped by Pavel Francouz with a rebound.
3:19 of 3rd period - Slapshot by Matthew Nieto.
3:19 of 3rd period - Stopped by Pavel Francouz with a rebound.
3:27 of 3rd period - Slapshot by Matthew Nieto.
3:27 of 3rd period - Shot Blocked by Slater Koekkoek.
3:29 of 3rd period - Slapshot by Erik Brannstrom.
3:29 of 3rd period - Shot Hit the Post.
3:31 of 3rd period - Snap shot by Matthew Nieto.
3:31 of 3rd period - Stopped by Pavel Francouz without a rebound.
3:32 of 3rd period - Pavel Kraskovsky wins face-off versus Ryan Spooner in Sound Tigers zone.
3:37 of 3rd period - Snap shot by Pavel Kraskovsky.
3:37 of 3rd period - Shot Misses the Net.
3:39 of 3rd period - Wrist shot by Slater Koekkoek.
3:39 of 3rd period - Stopped by Michael Hutchinson with a rebound.
3:45 of 3rd period - Wrist shot by Garret Ross.
3:45 of 3rd period - Stopped by Michael Hutchinson without a rebound.
3:46 of 3rd period - Victor Rask wins face-off versus Brad Ross in Heat zone.
4:07 of 3rd period - Minor Penalty to Erik Brannstrom for Hooking.
4:08 of 3rd period - Nico Sturm wins face-off versus Brad Ross in Heat zone.
5:49 of 3rd period - Slater Koekkoek is hit by Rasmus Andersson and loses puck.
5:56 of 3rd period - Ryan Spooner is hit by Ben Thomson and loses puck.
6:07 of 3rd period - Penalty to Erik Brannstrom is over, Erik Brannstrom is back on ice.
6:07 of 3rd period - Snap shot by Eric Karlsson.
6:07 of 3rd period - Stopped by Pavel Francouz with a rebound.
6:09 of 3rd period - Slapshot by Frank Corrado.
6:09 of 3rd period - Shot Blocked by Ben Thomson.
6:11 of 3rd period - Slapshot by Frank Corrado.
6:11 of 3rd period - Stopped by Pavel Francouz without a rebound.
6:12 of 3rd period - Victor Rask wins face-off versus Garret Pilon in Sound Tigers zone.
6:25 of 3rd period - Wrist shot by Tyrell Goulbourne.
6:25 of 3rd period - Stopped by Michael Hutchinson with a rebound.
7:03 of 3rd period - Backhand shot by Borna Rendulic.
7:03 of 3rd period - Shot Blocked by Rasmus Andersson.
7:09 of 3rd period - Borna Rendulic is hit by Frank Corrado and loses puck.
7:24 of 3rd period - Snap shot by Tyrell Goulbourne.
7:24 of 3rd period - Shot Misses the Net.
8:07 of 3rd period - Snap shot by Chris Brown.
8:07 of 3rd period - Shot Blocked by Slater Koekkoek.
8:27 of 3rd period - Snap shot by Trevor Carrick.
8:27 of 3rd period - Stopped by Pavel Francouz without a rebound.
8:28 of 3rd period - Nico Sturm wins face-off versus Brad Ross in Sound Tigers zone.
8:29 of 3rd period - Snap shot by Trevor Carrick.
8:29 of 3rd period - Stopped by Pavel Francouz with a rebound.
8:36 of 3rd period - Off-side.
8:37 of 3rd period - Victor Rask wins face-off versus Brad Ross in neutral zone.
8:40 of 3rd period - Backhand shot by Rasmus Andersson.
8:40 of 3rd period - Stopped by Pavel Francouz without a rebound.
8:41 of 3rd period - Victor Rask wins face-off versus Brad Ross in Sound Tigers zone.
9:10 of 3rd period - Ryan Donato is hit by Pavel Kraskovsky and loses puck.
9:26 of 3rd period - Frank Corrado is hit by Pavel Kraskovsky and loses puck.
9:37 of 3rd period - Wrist shot by Ryan Donato.
9:37 of 3rd period - Stopped by Pavel Francouz without a rebound.
9:38 of 3rd period - Nico Sturm wins face-off versus Ross Colton in Sound Tigers zone.
9:44 of 3rd period - Off-side.
9:45 of 3rd period - Victor Rask wins face-off versus Alex Tuch in neutral zone.
9:50 of 3rd period - Snap shot by Mathieu Brodeur.
9:50 of 3rd period - Shot Blocked by Miro Heiskanen.
10:20 of 3rd period - Snap shot by Garret Ross.
10:20 of 3rd period - Stopped by Michael Hutchinson with a rebound.
11:05 of 3rd period - Slapshot by Peter Cehlarik.
11:05 of 3rd period - Shot Blocked by Dylan McIlrath.
11:59 of 3rd period - Wrist shot by Tyrell Goulbourne.
11:59 of 3rd period - Stopped by Michael Hutchinson without a rebound.
12:00 of 3rd period - Victor Rask wins face-off versus Garret Pilon in Heat zone.
12:27 of 3rd period - Garret Pilon is hit by Frank Corrado and loses puck.
13:42 of 3rd period - Slapshot by Evgeny Svechnikov.
13:42 of 3rd period - Shot Misses the Net.
13:44 of 3rd period - Slapshot by Brandon Hickey.
13:44 of 3rd period - Shot Misses the Net.
14:16 of 3rd period - Rhett Gardner is hit by Rasmus Andersson and loses puck.
14:21 of 3rd period - Wrist shot by Trevor Carrick.
14:21 of 3rd period - Stopped by Pavel Francouz with a rebound.
14:23 of 3rd period - Slapshot by Rasmus Andersson.
14:23 of 3rd period - Shot Misses the Net.
14:44 of 3rd period - Evgeny Svechnikov is hit by Ben Thomson and loses puck.
15:05 of 3rd period - Slapshot by Rasmus Andersson.
15:05 of 3rd period - Stopped by Pavel Francouz with a rebound.
15:07 of 3rd period - Slapshot by Frank Corrado.
15:07 of 3rd period - Shot Blocked by Nick Blankenburg.
15:09 of 3rd period - Wrist shot by Barclay Goodrow.
15:09 of 3rd period - Deflect By Ryan Spooner.
15:09 of 3rd period - Stopped by Pavel Francouz with a rebound.
15:15 of 3rd period - Minor Penalty to Alexander Yelesin for Holding.
15:16 of 3rd period - Victor Rask wins face-off versus Alex Tuch in Sound Tigers zone.
15:25 of 3rd period - Slapshot by Matthew Nieto.
15:25 of 3rd period - Stopped by Pavel Francouz with a rebound.
15:27 of 3rd period - Slapshot by Mathieu Brodeur.
15:27 of 3rd period - Deflect By Victor Rask.
15:27 of 3rd period - Shot Misses the Net.
15:27 of 3rd period - Puck is out of play.
15:28 of 3rd period - Victor Rask wins face-off versus Alex Tuch in Sound Tigers zone.
15:41 of 3rd period - Snap shot by Evgeny Svechnikov.
15:41 of 3rd period - Shot Misses the Net.
17:15 of 3rd period - Penalty to Alexander Yelesin is over, Alexander Yelesin is back on ice.
17:39 of 3rd period - Snap shot by Garret Ross.
17:39 of 3rd period - Shot Blocked by Brandon Hickey.
17:41 of 3rd period - Snap shot by Garret Ross.
17:41 of 3rd period - Stopped by Michael Hutchinson with a rebound.
17:43 of 3rd period - Snap shot by Garret Ross.
17:43 of 3rd period - Stopped by Michael Hutchinson with a rebound.
17:45 of 3rd period - Slapshot by Nick Blankenburg.
17:45 of 3rd period - Stopped by Michael Hutchinson with a rebound.
17:47 of 3rd period - Snap shot by Jakub Galvas.
17:47 of 3rd period - Shot Blocked by Ryan Spooner.
17:49 of 3rd period - Slapshot by Jakub Galvas.
17:49 of 3rd period - Shot Blocked by Brandon Hickey.
17:51 of 3rd period - Slapshot by Jakub Galvas.
17:51 of 3rd period - Shot Misses the Net.
17:53 of 3rd period - Snap shot by Garret Ross.
17:53 of 3rd period - Goal by Garret Ross - Heat : 0 - Sound Tigers : 3.
17:54 of 3rd period - Victor Rask wins face-off versus Brad Ross in neutral zone.
18:20 of 3rd period - Minor Penalty to Ben Thomson for Holding.
18:21 of 3rd period - Matthew Nieto wins face-off versus Alex Tuch in Sound Tigers zone.
18:24 of 3rd period - Wrist shot by Matthew Nieto.
18:24 of 3rd period - Shot Blocked by Slater Koekkoek.
18:26 of 3rd period - Snap shot by Victor Rask.
18:26 of 3rd period - Stopped by Pavel Francouz with a rebound.
18:32 of 3rd period - Slapshot by Rasmus Andersson.
18:32 of 3rd period - Stopped by Pavel Francouz without a rebound.
18:33 of 3rd period - Alex Tuch wins face-off versus Victor Rask in Sound Tigers zone.
18:46 of 3rd period - Wrist shot by Matthew Nieto.
18:46 of 3rd period - Shot Hit the Post.
18:48 of 3rd period - Slapshot by Frank Corrado.
18:48 of 3rd period - Deflect By Garret Ross.
18:48 of 3rd period - Goal by Frank Corrado - Heat : 1 - Sound Tigers : 3.
18:49 of 3rd period - Nico Sturm wins face-off versus Rhett Gardner in neutral zone.
19:00 of 3rd period - Slapshot by Nico Sturm.
19:00 of 3rd period - Stopped by Pavel Francouz with a rebound.
19:02 of 3rd period - Snap shot by Trevor Carrick.
19:02 of 3rd period - Shot Misses the Net.
19:04 of 3rd period - Snap shot by Nico Sturm.
19:04 of 3rd period - Stopped by Pavel Francouz without a rebound.
19:05 of 3rd period - Victor Rask wins face-off versus Brad Ross in Sound Tigers zone.
19:06 of 3rd period - Slapshot by Rasmus Andersson.
19:06 of 3rd period - Stopped by Pavel Francouz without a rebound.
19:07 of 3rd period - Victor Rask wins face-off versus Brad Ross in Sound Tigers zone.
19:16 of 3rd period - Snap shot by Victor Rask.
19:16 of 3rd period - Stopped by Pavel Francouz with a rebound.
19:18 of 3rd period - Snap shot by Evgeny Svechnikov.
19:18 of 3rd period - Shot Misses the Net.
19:20 of 3rd period - Backhand shot by Frank Corrado.
19:20 of 3rd period - Deflect By Borna Rendulic.
19:20 of 3rd period - Stopped by Pavel Francouz with a rebound.
19:22 of 3rd period - Wrist shot by Victor Rask.
19:22 of 3rd period - Stopped by Pavel Francouz without a rebound.
19:23 of 3rd period - Rhett Gardner wins face-off versus Nico Sturm in Sound Tigers zone.
19:40 of 3rd period - Minor Penalty to Rhett Gardner for Holding.
19:41 of 3rd period - Alex Tuch wins face-off versus Victor Rask in Sound Tigers zone.
Goals for this period are 1 for Heat vs 1 for Sound Tigers.
Shots for this period are 22 for Heat vs 14 for Sound Tigers.